 Dungeon Crawl Stone Soup version 0.30-a0-758-gc2c871d025 (webtiles) character file.

Game seed: 3410409833075533006

6894 Ijustatesigmund the Thaumaturge (level 10, -22/52 HPs)
             Began as a Deep Elf Conjurer on Feb 10, 2023.
             Was a Follower of Vehumet.
             Hit by a large rock thrown by a cyclops (37 damage)
             ... on level 13 of the Dungeon.
             The game lasted 00:30:30 (11785 turns).

Ijustatesigmund the Thaumaturge (DECj)             Turns: 11785, Time: 00:30:31

Health: -22/52     AC:  9    Str: 10    XL:     10   Next: 79%
Magic:  27/29      EV: 16    Int: 28    God:    Vehumet [*.....]
Gold:   491        SH:  8    Dex:  9    Spells: 18/36 levels left

rFire   . . .      SeeInvis .    b - +0 hand crossbow (elec)
rCold   . . .      Faith    .    d - +0 kite shield
rNeg    . . .      Spirit   .    a - +0 robe
rPois   .          Reflect  .    q - +1 helmet
rElec   .          Harm     .    u - +4 cloak of the Wasteland {Will+ Str+6 Dex-4}
rCorr   .          Rampage  .    (no gloves)
Will    ++...                    (no boots)
Stlth   ++                       f - amulet of regeneration
HPRegen 1.08/turn                c - ring of wizardry
MPRegen 0.21/turn                y - +5 ring of evasion

@: no status effects
A: no striking features
a: Renounce Religion


You were on level 13 of the Dungeon.
You worshipped Vehumet.
Vehumet was aware of your devotion.
You visited 2 branches of the dungeon, and saw 13 of its levels.

You collected 611 gold pieces.
You spent 120 gold pieces at shops.

Inventory:

Hand Weapons
 b - a +0 hand crossbow of electrocution (weapon)
 o - a +2 dagger of flaming
Missiles
 e - a throwing net
Armour
 a - a +0 robe (worn)
 d - a +0 kite shield (worn)
 q - a +1 helmet (worn)
 u - the +4 cloak of the Wasteland (worn) {Will+ Str+6 Dex-4}
   (You found it on level 6 of the Dungeon)

   Str:       It affects your strength (+6).
   Dex:       It affects your dexterity (-4).
   Will:      It increases your willpower.
Jewellery
 c - a ring of wizardry (left hand)
 f - an amulet of regeneration (around neck)
 l - a ring of flight
 y - a +5 ring of evasion (right hand)
Wands
 r - a wand of mindburst (2)
Scrolls
 i - 3 scrolls of brand weapon
 k - 2 scrolls of immolation
 n - a scroll of poison
 s - 2 scrolls of enchant armour
 w - 2 scrolls of fog
Potions
 g - a potion of lignification {unknown}
 h - 2 potions of brilliance
 j - 2 potions of mutation
 m - 2 potions of haste {unknown}
 t - 2 potions of cancellation {unknown}
 v - a potion of magic
 x - 2 potions of might
 z - a potion of curing
 A - a potion of resistance {unknown}
 B - a potion of invisibility {unknown}


   Skills:
 - Level 1.5 Fighting
 + Level 7.1 Ranged Weapons
 - Level 4.0 Dodging
 - Level 2.4 Stealth
 - Level 3.5 Shields
 + Level 13.5 Spellcasting
 - Level 9.4 Conjurations
 + Level 6.4 Necromancy
 - Level 4.4 Earth Magic


You had 18 spell levels left.
You knew the following spells:

 Your Spells              Type           Power      Damage    Failure   Level
a - Magic Dart            Conj           100%       1d8       1%          1
b - Searing Ray           Conj           100%       2d8       1%          2
c - Stone Arrow           Conj/Erth      100%       3d13      1%          3
d - Kiss of Death         Conj/Necr      100%       2d13      1%          1
e - Dispel Undead         Necr           53%        3d19      2%          4
f - Borgnjor's Vile Clut  Necr/Erth      24%        N/A       11%         5
g - Passwall              Tmut/Erth      25%        N/A       2%          2

Your spell library contained the following spells:

 Spells                   Type           Power      Damage    Failure   Level
 Freeze                   Ice            76%        1d8       3%          1
 Sandblast                Erth           86%        2d18      1%          1
 Dazzling Flash           Conj/Hex       90%        N/A       1%          3
 Animate Dead             Necr           53%        N/A       2%          4
 Apportation              Tloc           38%        N/A       3%          1
 Beastly Appendage        Tmut           38%        N/A       3%          1
 Flame Wave               Conj/Fire      45%        2d12      4%          4
 Fulminant Prism          Conj/Hex       22%        3d12      4%          4
 Iskenderun's Mystic Bla  Conj/Tloc      45%        2d10      4%          4
 Sticky Flame             Conj/Fire      45%        2d6       4%          4
 Ensorcelled Hibernation  Hex/Ice        38%        N/A       5%          2
 Wereblood                Tmut           19%        N/A       5%          2
 Confusing Touch          Hex            19%        N/A       11%         3
 Inner Flame              Hex/Fire       19%        N/A       11%         3
 Spider Form              Tmut/Pois      19%        N/A       11%         3
 Swiftness                Air            19%        N/A       11%         3
 Death Channel            Necr           26%        N/A       34%         6
 Alistair's Intoxication  Tmut/Pois      12%        N/A       65%         5


Dungeon Overview and Level Annotations

Branches:
Dungeon (13/15)            Temple (1/1) D:5
   Lair: D:8-11         Orc: D:9-12      Vaults: D:13-14

Altars:
Ashenzari
Cheibriados
Dithmenos
Elyvilon
Fedhas
Gozag
Hepliaklqana
Kikubaaqudgha
Makhleb
Nemelex Xobeh
Okawaru
Qazlal
Ru
Sif Muna
Trog
Uskayaw
Vehumet
Wu Jian
Xom
Yredelemnul
Zin
The Shining One

Shops:
D:8 *

Annotations:
D:4 2 transporters, anet's ghost, amateur GrCj
D:9 Joseph
D:13 3 runed translucent doors, Ijustatesigmund's ghost, journeyman DEHW


Message History

You finish merging with the rock.
Found 17 gold pieces and a scroll of identify.
Found a stone staircase leading up.
Found a runed translucent gate.
There is a stone staircase leading up here.
You climb upwards.
Found a scroll of fog.
Found a stone staircase leading down and a stone staircase leading up.
There is a stone staircase leading down here.
You climb downwards.
Level annotation: 3 runed translucent doors
There is a stone staircase leading up here.
You shoot a bolt.
The bolt hits the wraith but does no damage.
You shoot a bolt. The bolt hits the wraith.
The wraith is lightly damaged.
Casting: Passwall (safe; 2% risk of failure)
Confirm with . or Enter, or press ? or * to list all spells.
Aiming: Stone Arrow (safe; 1% risk of failure)
Press: ? - help, Shift-Dir - straight line, f/p - wraith
Aim: a wraith (lightly damaged, 78% to hit)
The stone arrow hits the wraith!!
You destroy the wraith!
Vehumet accepts your kill.
Found a potion of brilliance.
A cyclops comes into view.
Found a glowing scimitar.
Ijustatesigmund's ghost turns its malevolent gaze towards you.
You hear a roar!
The cyclops throws a large rock.
The large rock hits you!!!
Ouch! That really hurt!
* * * LOW HITPOINT WARNING * * *
Found a worn ivory wand.
Okay, then.
As you read the scroll labelled KYNOHA RIGUTU, it crumbles to dust.
It is a scroll of amnesia.
Really abort (and waste the scroll)?
Okay, then.
The cyclops throws a large rock.
The large rock hits you!!!
Ouch! That really hurt!
You die...

*,******* **********
*#+########## **,
*...........# *,,
*.C.........# ########+#
*...........####.........
*...........+..#.........
*.........$.##.'.........
*...........####.........
*.....?.@..<# ####+#####
*..........##*** *,**
*###+####.##,*~* *,,*
*,,,* #.#..,,*****,*
**,*****#.+.WD,,,* *,**
*,,,,,,,..+.D)..** *,,*
*,*,***...+..../~* **+**#
*,*,*,,.#.#.!..P** *,,,..
***,*,***,***~,** *,,...


You could see a 11-headed hydra, a ten-headed hydra, a cyclops and
Ijustatesigmund's ghost.

Vanquished Creatures
  A cyclops (D:13)
  Pikel (D:5)
  A manticore (D:13)
  A kobold demonologist (D:8)
  A hornet (D:10)
  Sigmund (D:4)
  A shadow (D:10)
  2 wyverns
  6 yaks
  2 wraiths
  2 steam dragons
  4 water moccasins
  A black bear (D:7)
  A sky beast (D:7)
  2 orc warriors (D:8)
  2 ogres
  2 lemures (D:4)
  2 centaurs
  2 kobold brigands (D:8)
  A gnoll sergeant (D:5)
  2 necrophages
  2 scorpions
  5 wights (D:9)
  4 killer bees (D:7)
  2 howler monkeys
  8 crimson imps (D:10)
  3 orc priests (D:8)
  A jelly (D:6)
  5 hounds
  5 iguanas
  2 gnoll boudas
  2 orc wizards
  Robin (D:4)
  6 adders
  16 gnolls
  A white imp (D:10)
  An ufetubus (D:6)
  4 worms
  2 dart slugs
  52 orcs
  A bat (D:2)
  9 endoplasms
  7 hobgoblins
  3 jackals (D:4)
  A quokka (D:3)
  3 ball pythons
  4 frilled lizards
  17 goblins
  14 kobolds
  7 rats
226 creatures vanquished.

Notes
Turn   | Place    | Note
-------+----------+-------------------------------------------
     0 | D:1      | Ijustatesigmund the Deep Elf Conjurer began the quest for
                  | the Orb.
     0 | D:1      | Reached XP level 1. HP: 10/10 MP: 6/6
   345 | D:1      | Reached XP level 2. HP: 15/15 MP: 4/8
   348 | D:1      | Learned a level 2 spell: Searing Ray
   639 | D:1      | Found a faded altar of an unknown god.
  1562 | D:2      | Reached XP level 3. HP: 19/19 MP: 8/10
  2290 | D:3      | Reached skill level 4 in Spellcasting
  2290 | D:3      | Reached skill level 5 in Conjurations
  2290 | D:3      | Reached XP level 4. HP: 24/24 MP: 6/12
  2797 | D:3      | Found a snail-covered altar of Cheibriados.
  2946 | D:3      | Found an ornate altar of the Wu Jian Council.
  3051 | D:3      | Reached XP level 5. HP: 28/28 MP: 10/14
  3230 | D:4      | Reached skill level 1 in Shields
  3230 | D:4      | Reached skill level 5 in Spellcasting
  3316 | D:4      | Found a transporter.
  3318 | D:4      | Noticed anet's ghost (amateur GrCj)
  3388 | D:4      | Noticed a phantom
  3388 | D:4      | Noticed Sigmund
  3389 | D:4      | Found a transporter.
  3411 | D:4      | Killed Sigmund
  3412 | D:4      | Reached XP level 6. HP: 32/32 MP: 12/16
  3760 | D:4      | Noticed Robin
  3770 | D:4      | Killed Robin
  3771 | D:4      | Reached skill level 6 in Spellcasting
  4145 | D:5      | Entered Level 5 of the Dungeon
  4171 | D:5      | Reached XP level 7. HP: 33/36 MP: 10/18
  4691 | D:5      | Reached skill level 7 in Spellcasting
  4902 | D:5      | Noticed Pikel
  4908 | D:5      | Noticed a yak
  4912 | D:5      | Killed Pikel
  4913 | D:5      | Reached skill level 8 in Spellcasting
  4913 | D:5      | Reached XP level 8. HP: 22/41 MP: 8/22
  5097 | D:5      | Found a staircase to the Ecumenical Temple.
  5619 | D:4      | Reached skill level 1 in Ranged Weapons
  5619 | D:4      | Reached skill level 9 in Spellcasting
  5959 | D:5      | Reached skill level 10 in Spellcasting
  6210 | D:5      | Reached XP level 9. HP: 35/45 MP: 17/25
  6213 | D:5      | Reached skill level 5 in Ranged Weapons
  6376 | D:5      | Learned a level 3 spell: Stone Arrow
  6422 | Temple   | Entered the Ecumenical Temple
  6706 | D:6      | Reached skill level 1 in Earth Magic
  6767 | D:6      | Reached skill level 1 in Fighting
  7209 | D:6      | Identified the +4 cloak of the Wasteland {Will+ Str+6
                  | Dex-4}
  7725 | D:7      | Reached skill level 11 in Spellcasting
  8760 | D:7      | Identified a scroll of acquirement
  8760 | D:7      | Acquired a +0 hand crossbow of electrocution
  8993 | D:7      | Found a broken altar of Ashenzari.
  8993 | D:7      | Found a shimmering altar of Xom.
  8999 | D:7      | Found a shimmering blue altar of Sif Muna.
  9001 | D:7      | Found a faded altar of an unknown god.
  9003 | D:7      | Found a faded altar of an unknown god.
  9144 | D:7      | Learned a level 1 spell: Kiss of Death
  9149 | D:7      | Learned a level 4 spell: Dispel Undead
  9364 | D:8      | Learned a level 5 spell: Borgnjor's Vile Clutch
  9376 | D:8      | Found a white marble altar of Elyvilon.
  9376 | D:8      | Found a blossoming altar of Fedhas.
  9376 | D:8      | Found an opulent altar of Gozag.
  9386 | D:8      | Found a hide-covered altar of Uskayaw.
  9390 | D:8      | Reached skill level 1 in Necromancy
  9424 | D:8      | Found a bloodstained altar of Trog.
  9425 | D:8      | Found a radiant altar of Vehumet.
  9427 | D:8      | Found a shadowy altar of Dithmenos.
  9430 | D:8      | Found a glowing silver altar of Zin.
  9431 | D:8      | Became a worshipper of Vehumet
  9433 | D:8      | Found an iron altar of Okawaru.
  9439 | D:8      | Reached XP level 10. HP: 52/52 MP: 23/27
  9571 | D:8      | Reached skill level 12 in Spellcasting
  9621 | D:8      | Reached * piety under Vehumet
  9621 | D:8      | Offered knowledge of Freeze by Vehumet.
  9752 | D:8      | Found Quqash's Changing Room.
  9774 | D:8      | Bought a potion of mutation for 120 gold pieces
 10123 | D:9      | Noticed Joseph
 10398 | D:8      | Noticed an orange demon
 10693 | D:9      | Found a stormy altar of Qazlal.
 10783 | D:10     | Entered Level 10 of the Dungeon
 10838 | D:10     | Reached skill level 5 in Necromancy
 10857 | D:10     | Reached skill level 13 in Spellcasting
 11371 | D:10     | You fall into a shaft and drop 3 floors!
 11414 | D:13     | Noticed a two-headed ogre
 11414 | D:13     | Noticed a manticore
 11554 | D:13     | Noticed a cyclops
 11554 | D:13     | Noticed a gargoyle
 11558 | D:13     | Noticed a deep elf pyromancer
 11559 | D:13     | Noticed a manticore
 11562 | D:13     | Killed a manticore
 11630 | D:13     | Learned a level 2 spell: Passwall
 11639 | D:13     | Noticed a cyclops
 11642 | D:13     | Killed a cyclops
 11774 | D:13     | Found a runed translucent gate.
 11774 | D:13     | Found a runed translucent gate.
 11774 | D:13     | Found a runed translucent gate.
 11776 | D:12     | Noticed a boulder beetle
 11783 | D:13     | Noticed Ijustatesigmund's ghost (journeyman DEHW)
 11783 | D:13     | Noticed a ten-headed hydra
 11783 | D:13     | Noticed a cyclops
 11784 | D:13     | Noticed an 11-headed hydra
 11785 | D:13     | Hit by a large rock thrown by a cyclops

Illustrated notes

Levels and vault maps discovered:
D:1:      amcnicky_arrival_wind_blow, layout_loops_ring,
          hellmonk_ecumenical_altar_arch_garden
D:2:      layout_loops_corners
D:3:      layout_rooms, nzn_wu_jian_contemplation, kennysheep_slug_shrine
D:4:      layout_gridville, gammafunk_ghost_mausoleum, uniq_sigmund, uniq_robin
D:5:      layout_loops_cross, minmay_temple_entry_glass, uniq_pikel
D:6:      layout_cave_pools, amcnicky_mini_pool_small
D:7:      nicolae_cairo_tiling_large_dashed, layout_loops_ring,
          chequers_temple_overflow_minitemple
D:8:      layout_loops_ring, nicolae_overflow_hallway_of_the_gods, special_room
          [special_room_orc], minmay_strange_pillars,
          nicolae_transmutations_shop
D:9:      layout_roguey, kennysheep_mini_moat, minmay_increasing_density,
          uniq_joseph, uniq_harold
D:10:     layout_rooms, david_lair_shrubbed, minmay_nine_imps
D:12:     layout_loops_cross, orc_0_dummy, nicolae_qazlal_eye_of_the_storm,
          uniq_fannar, uniq_erolcha
D:13:     layout_roguey, gammafunk_ghost_hydra_chop, grunt_potential,
          uniq_azrael
Temple:   hellmonk_temple_of_storms

Skill      XL: |  1  2  3  4  5  6  7  8  9 10 |
---------------+-------------------------------+-----
Dodging        | 3 4 |  4.0
Spellcasting   | 4 5 6 8 10 11 13 | 13.5
Conjurations   | 5 6 8 9 |  9.4
Shields        | 1 3 |  3.5
Ranged Weapons | 4 5 7 |  7.1
Earth Magic    | 4 |  4.4
Fighting       | 1 |  1.5
Necromancy     | 1 6 |  6.4
Stealth        | |  2.4

Action                     |  1- 3 |  4- 6 |  7- 9 | 10-12 || total
---------------------------+-------+-------+-------+-------++-------
  Melee: Dagger            |     2 |    29 |    13 |       ||    44
   Fire: Sling             |       |       |    35 |       ||    35
         Hand crossbow     |       |       |    25 |    89 ||   114
   Cast: Magic Dart        |    60 |   112 |    64 |       ||   236
         Searing Ray       |     3 |     5 |    61 |    15 ||    84
         Stone Arrow       |       |       |    28 |    27 ||    55
         Passwall          |       |       |       |     1 ||     1
    Use: Scroll            |     2 |     8 |     7 |     5 ||    22
         Potion            |       |     1 |     2 |     1 ||     4
 Armour: Robe              |       |    10 |    23 |    28 ||    61
  Dodge: Dodged            |     5 |    17 |    64 |    66 ||   152
  Block: Kite shield       |     1 |    15 |    47 |    36 ||    99

Table legend: (Time is in decaauts)
 A = Elapsed time spent in this place.
 B = Non-inter-level travel time spent in this place.
 C = Inter-level travel time spent in this place.
 D = Time resting spent in this place.
 E = Time spent auto-exploring this place.
 F = Levels seen in this place.
 G = Mean time per level.
                   A        B        C        D        E       F      G
               +--------+--------+--------+--------+--------+-----+--------+
         Total |  11899 |  11531 |    368 |   4034 |   5880 |  13 |  915.3 |
       Dungeon |  11858 |  11497 |    361 |   4034 |   5852 |  12 |  988.2 |
        Temple |     40 |     33 |      7 |      0 |     28 |   1 |   40.0 |
               +--------+--------+--------+--------+--------+-----+--------+

Top non-repeatable levels by time:
     D:4: 1815 daAuts
     D:5: 1633 daAuts
     D:7: 1570 daAuts
     D:2: 1179 daAuts
     D:8: 1094 daAuts
     D:1: 1079 daAuts
     D:6: 980 daAuts
     D:3: 898 daAuts
    D:10: 617 daAuts
     D:9: 570 daAuts
    D:13: 416 daAuts
  Temple: 40 daAuts
    D:12: 1 daAuts
